 Dungeon Crawl Stone Soup version 0.20-a0-903-g7e3609c (console) character file.

165 nht the Bolt Thrower (level 5, -6/26 HPs)
             Began as a Kobold Arcane Marksman on Mar 21, 2017.
             Was an Initiate of Gozag.
             Killed from afar by an orc wizard (15 damage)
             ... with a puff of flame
             ... on level 3 of the Dungeon.
             The game lasted 00:02:42 (1555 turns).

nht the Bolt Thrower (Kobold Arcane Marksman)       Turns: 1555, Time: 00:02:43

Health: -6/26      AC:  3    Str:  7    XL:     5   Next: 75%
Magic:  7/7        EV: 15    Int: 16    God:    Gozag
Gold:   206        SH:  0    Dex: 18    Spells: 5/6 levels left

rFire    . . .     SeeInvis .   a - +0 hand crossbow
rCold    . . .     Gourm    .   e - +0 robe
rNeg     . . .     Faith    .   (shield restricted)
rPois    .         Spirit   .   (no helmet)
rElec    .         Reflect  .   n - +0 cloak
rCorr    .         Harm     +   (no gloves)
MR       .....     Rnd*Rage +   (no boots)
Stlth    ++........             j - amulet of harm
Regen    0.1/turn               (no ring)
MPRegen  0.1/turn               t - +3 ring of dexterity

@: no status effects
A: berserk 1, carnivore 3, frail 1, high mp 1
a: Potion Petition, Call Merchant, Bribe Branch, Renounce Religion


You were on level 3 of the Dungeon.
You worshipped Gozag.
Gozag was aware of your devotion.
You were very full.

You visited 1 branch of the dungeon, and saw 3 of its levels.

You collected 206 gold pieces.

Inventory:

Hand Weapons
 a - a +0 hand crossbow (weapon)
Missiles
 d - 7 bolts (quivered)
Armour
 e - a +0 robe (worn)
 n - a +0 cloak (worn)
Jewellery
 j - an amulet of harm (around neck)
 t - a +3 ring of dexterity (left hand)
Scrolls
 b - a scroll of immolation {unknown}
 g - a scroll of noise {unknown}
 h - a scroll of teleportation {unknown}
 i - 6 scrolls of identify {unknown}
 k - a scroll of recharging {unknown}
 m - 2 scrolls of fog {unknown}
 o - 2 scrolls of remove curse {unknown}
 s - 2 scrolls of amnesia {unknown}
Potions
 p - a potion of flight
Books
 c - a book of Debilitation

   Spells                             Type                      Level
   a - Corona                         Hexes                        1
   b - Slow                           Hexes                        2
   c - Inner Flame                    Hexes/Fire                   3
   d - Portal Projectile              Hexes/Translocation          3
   e - Cause Fear                     Hexes                        4
   f - Leda's Liquefaction            Hexes/Earth                  4
 q - a book of Minor Magic

   Spells                             Type                      Level
   a - Magic Dart                     Conjuration                  1
   b - Blink                          Translocation                2
   c - Call Imp                       Summoning                    2
   d - Slow                           Hexes                        2
   e - Conjure Flame                  Conjuration/Fire             3
   f - Mephitic Cloud                 Conjuration/Poison/Air       3
Comestibles
 f - a meat ration


   Skills:
 - Level 1.1 Fighting
 + Level 6.6 Crossbows
 - Level 2.4 Dodging
 - Level 1.2 Spellcasting
 - Level 3.0 Hexes


You had 5 spell levels left.
You knew the following spells:

 Your Spells              Type           Power        Failure   Level  Hunger
a - Corona                Hex            ##.....      10%         1    ##.....


Dungeon Overview and Level Annotations

Branches:
Dungeon (3/15)

Altars:
Gozag

Annotations:
D:3 Purgy


Innate Abilities, Weirdness & Mutations

You are small and have problems with some larger weapons.
You are carnivorous and can eat meat at any time.
You tend to lose your temper in combat.
You are frail. (-10% HP)
You have an increased reservoir of magic. (+10% MP)


Message History

You kill the orc!
The orc wizard closely misses you.
The orc wizard hits you but does no damage.
Firing (i - inventory):
d - 9 bolts (quivered)
Press: ? - help, Shift-Dir - straight line, f - orc wizard
Aim: an orc wizard, wielding a dagger and wearing a robe (fast)
You shoot a bolt. The bolt closely misses the orc wizard.
The orc wizard gestures at you while chanting.
The puff of frost hits you!
Firing (i - inventory):
d - 8 bolts (quivered)
Press: ? - help, Shift-Dir - straight line, f/p - orc wizard
Aim: an orc wizard, wielding a dagger and wearing a robe (fast)
You shoot a bolt. The bolt hits the orc wizard.
The orc wizard is moderately wounded.
The orc wizard barely misses you. The orc wizard casts a spell at you.
The puff of flame hits you!
Ouch! That really hurt!
You die...
Your body crumbles into a pile of gold.

█.██.█.█..██
█....█.█.██
█.+████'.█.█
█........█.█
.'████████'.██ █
..........██ ██.
████.......██
█.█...████.........███
.......@ooo........'...
█.....████.(.......██.█
██.█. ██.......██ █ █
██.....██ ██..$██


██(██ █(█ █(█ █(█ You could see 2 orc wizards and an orc.

Vanquished Creatures
  The ghost of grippy the Caller, an amateur TeSu (D:3)
  5 adders
  A worm (D:3)
  A dart slug (D:1)
  2 leopard geckos
  2 orcs (D:3)
  5 giant cockroaches
  2 goblins
  7 hobgoblins
  4 kobolds
  6 bats
  2 frilled lizards
  7 rats
45 creatures vanquished.

Notes
Turn   | Place    | Note
-------+----------+-------------------------------------------
     0 | D:1      | nht the Kobold Arcane Marksman began the quest for the Orb.
     0 | D:1      | Reached XP level 1. HP: 12/12 MP: 2/2
   200 | D:1      | Reached skill level 3 in Crossbows
   207 | D:1      | Reached XP level 2. HP: 15/16 MP: 3/3
   658 | D:1      | Reached XP level 3. HP: 20/20 MP: 4/4
   806 | D:1      | Reached skill level 4 in Crossbows
   964 | D:2      | Found a faded altar of an unknown god.
   983 | D:2      | Became a worshipper of Gozag Ym Sagoz the Greedy
  1129 | D:2      | Reached XP level 4. HP: 25/25 MP: 5/5
  1280 | D:3      | Noticed Purgy
  1328 | D:3      | Reached skill level 5 in Crossbows
  1347 | D:3      | Gained mutation: You tend to lose your temper in combat. [potion of mutation]
  1347 | D:3      | Gained mutation: You are frail. (-10% HP) [potion of mutation]
  1347 | D:3      | Gained mutation: You have an increased reservoir of magic. (+10% MP) [potion of mutation]
  1500 | D:3      | Noticed grippy's ghost (amateur TeSu)
  1506 | D:3      | Killed grippy's ghost
  1506 | D:3      | Reached skill level 6 in Crossbows
  1506 | D:3      | Reached XP level 5. HP: 24/26 MP: 7/7
  1555 | D:3      | Killed from afar by an orc wizard

Vault maps used:
D:1:      dpeg_arrival_stone_temple_mockup, minmay_misc_feat_tiny
D:2:      first_bread, chequers_ecumenical_altar_simple_redux
D:3:      lemuel_doored_altar, nrook_loot_triangle, minivault_11, uniq_purgy

Skill      XL: |  1  2  3  4 |
---------------+-------------+-----
Crossbows      | 3 4 6 |  6.6
Fighting       | |  1.1
Dodging        | |  2.4
Spellcasting   | |  1.2
Hexes          | |  3.0

Action                   |  1- 3 |  4- 6 || total
-------------------------+-------+-------++-------
 Fire: Hand crossbow     |    64 |    62 ||   126
  Use: Potion            |       |     3 ||     3
  Eat: Chunk             |     9 |       ||     9
Armor: Robe              |     3 |     5 ||     8
Dodge: Dodged            |    17 |    18 ||    35
